 Dungeon Crawl Stone Soup version 0.19-a0-1626-g5215c36 (webtiles) character file.

21 jacquesderrida the Ruffian (level 2, -2/15 HPs)
             Began as a Vine Stalker Skald on Sept 18, 2016.
             Slain by a jackal (3 damage)
             ... on level 2 of the Dungeon.
             The game lasted 00:00:47 (250 turns).

jacquesderrida the Ruffian (Vine Stalker Skald)      Turns: 250, Time: 00:00:48

Health: -2/15      AC:  3    Str: 14    XL:     2   Next: 87%
Magic:  0/6        EV: 11    Int: 12    God:
Gold:   47         SH:  0    Dex: 13    Spells: 1 memorised, 4 levels left

rFire  . . .     SeeInvis .       - Unarmed
rCold  . . .     Gourm    .     a - +0 leather armour
rNeg   . . .     Faith    .     (no shield)
rPois  .         Spirit   +     (no helmet)
rElec  .         Dismiss  .     (no cloak)
rCorr  .         Reflect  .     (no gloves)
MR     .....     Harm     .     (no boots)
Stlth  +.........               (no amulet)
                                (no ring)
                                (no ring)

@: no status effects
A: fangs 2, magic shield, antimagic bite, no device heal 3, rot immunity
a: no special abilities


You were on level 2 of the Dungeon.
You were not hungry.

You visited 1 branch of the dungeon, and saw 2 of its levels.

You collected 47 gold pieces.

Inventory:

Armour
 a - a +0 leather armour (worn)
Scrolls
 f - 2 scrolls of identify {unknown}
 g - a scroll of magic mapping {unknown}
Potions
 e - a potion of curing
Books
 b - a book of Battle

   Spells                             Type                      Level
   a - Infusion                       Charms                       1
   b - Shroud of Golubria             Charms/Translocation         2
   c - Song of Slaying                Charms                       2
   d - Spectral Weapon                Hexes/Charms                 3
   e - Regeneration                   Charms/Necromancy            3
Comestibles
 c - a bread ration
 d - a meat ration


   Skills:
 - Level 1.7 Fighting
 - Level 0.7 Armour
 - Level 0.7 Dodging
 + Level 3.3 Unarmed Combat
 - Level 2.1 Spellcasting
 - Level 3.0 Charms


You had 4 spell levels left.
You knew the following spells:

 Your Spells              Type           Power        Failure   Level  Hunger
a - Infusion              Chrm           #...         12%         1    ##.....


Dungeon Overview and Level Annotations

Branches:
Dungeon (2/15)

Altars:

Annotations:
D:2 Sigmund


Innate Abilities, Weirdness & Mutations

You have extremely sharp teeth.
When hurt, damage is shared between your health and your magic reserves.
Your bite disrupts and absorbs the magic of your enemies.
Potions and wands cannot restore your health.
You are immune to rotting.


Message History

Sigmund is moderately wounded.
Sigmund falters for a moment.
The jackal bites you but does no damage.
You hit Sigmund. You bite Sigmund.
Sigmund's magic leaks into the air.
You drain his magic.
You feel invigorated.
Sigmund is severely wounded.
The jackal bites you.
Sigmund falters for a moment.
The jackal bites you but does no damage.
You punch Sigmund! Your punch misses Sigmund.
Sigmund is almost dead.
Sigmund screams, "Die, monster!"
Sigmund barely misses you. The jackal bites you.
You hit Sigmund but do no damage. You bite Sigmund, but do no damage.
Sigmund is almost dead.
The jackal barely misses you. The jackal closely misses you.
Sigmund falters for a moment.
You hit Sigmund.
Sigmund is almost dead.
The jackal bites you.
You die...

#†# ....
#.#####...#
##.##......#
#.†........#
#..##.....#h.
#).##.....#
#..##.....#
#.##.#hh##...###
#......@##....
#####..@##.....
......# #.....
#####..# #.)#
#..# ...# ...#


You could see Sigmund and 2 jackals.

Vanquished Creatures
  An adder (D:2)
  A leopard gecko (D:1)
  A bat (D:1)
  A goblin (D:2)
  3 hobgoblins
  A jackal (D:2)
  3 rats
11 creatures vanquished.

Notes
Turn   | Place    | Note
-------+----------+-------------------------------------------
     0 | D:1      | jacquesderrida the Vine Stalker Skald began the quest for the Orb.
     0 | D:1      | Reached XP level 1. HP: 11/11 MP: 4/4
    79 | D:2      | Reached XP level 2. HP: 1/15 MP: 1/6
   236 | D:2      | Noticed Sigmund
   250 | D:2      | Slain by a jackal

Vault maps used:
D:1:      eino_arrival_druids_welcome, serial_glass, glass_columns_a,
          glass_columns_a, glass_columns_b, minmay_bisected
D:2:      lemuel_crystal_altar, uniq_sigmund

Skill      XL: |  1  2 |
---------------+-------+-----
Unarmed Combat | 3 |  3.3
Fighting       | |  1.7
Armour         | |  0.7
Dodging        | |  0.7
Spellcasting   | |  2.1
Charms         | |  3.0

Action                   || total
-------------------------++-------
Melee: Unarmed           ||    42
       Bite              ||    18
 Cast: Infusion          ||     3
  Use: Potion            ||     1
 Stab: Sleeping          ||     2
Armor: Leather armour    ||     7
Dodge: Dodged            ||    30
